 Dungeon Crawl Stone Soup version 0.27-a0-1060-gcb85b5eba1 (webtiles) character file.

Game seed: 16420061345928659

67 HendSelp the Bolt Thrower (level 4, 0/26 HPs)
             Began as a Kobold Hunter on Apr 21, 2021.
             Slain by a rat (2 damage)
             ... on level 2 of the Dungeon.
             The game lasted 00:02:46 (1375 turns).

HendSelp the Bolt Thrower (Kobold Hunter)           Turns: 1375, Time: 00:02:46

Health: 0/26       AC:  3    Str:  9    XL:     4   Next: 40%
Magic:  4/4        EV: 14    Int: 12    God:
Gold:   55         SH:  0    Dex: 16    Spells: 3/3 levels left

rFire    . . .     SeeInvis .   b - +0 short sword
rCold    . . .     Faith    .   (shield restricted)
rNeg     . . .     Spirit   .   c - +0 leather armour
rPois    .         Reflect  .   (no helmet)
rElec    .         Harm     .   (no cloak)
rCorr    .         Rampage  .   (no gloves)
Will     .....                  (no boots)
Stlth    +++.......             (no amulet)
HPRegen  0.08/turn              (no ring)
MPRegen  0.09/turn              (no ring)

@: no status effects
A: small, no large weapons, nightstalker 3
a: no special abilities


You were on level 2 of the Dungeon.
You visited 1 branch of the dungeon, and saw 2 of its levels.

You collected 55 gold pieces.

Inventory:

Hand Weapons
 a - a +3 hand crossbow
 b - a +0 short sword (weapon)
Armour
 c - a +0 leather armour (worn)
Potions
 e - a potion of heal wounds {unknown}
 g - a potion of invisibility {unknown}
 h - a potion of haste {unknown}
 i - a potion of flight {unknown}


   Skills:
 - Level 2.1 Fighting
 + Level 6.7 Crossbows
 - Level 2.4 Dodging
 - Level 1.3 Stealth


You had 3 spell levels left.
You didn't know any spells.
Your spell library was empty.

Dungeon Overview and Level Annotations

Branches:
Dungeon (2/15)

Altars:


Innate Abilities, Weirdness & Mutations

You are small and have problems with some larger weapons.
You are completely attuned to the shadows.


Message History

The worm struggles against the net.
You hit the worm but do no damage.
The worm is heavily wounded.
The rat closely misses you.
Unknown command.
You hit the worm.
The worm is severely wounded.
The rat barely misses you.
The worm struggles against the net.
Unknown command.
Your leather armour prevents you from hitting the worm.
The worm is severely wounded.
The rat bites you.
* * * LOW HITPOINT WARNING * * *
The worm struggles against the net.
Unknown command.
You hit the worm.
The worm is severely wounded.
The rat bites you but does no damage. The rat misses you.
Unknown command.
You hit the worm.
The worm is almost dead.
The worm struggles against the net.
The rat misses you.
Unknown command.
You barely miss the worm.
The worm is severely wounded.
The rat bites you but does no damage.
The worm struggles against the net.
Unknown command.
You barely miss the worm.
The worm is severely wounded.
The rat bites you.
* * * LOW HITPOINT WARNING * * *
Unknown command.
You hit the worm.
You kill the worm!
The rat bites you.
* * * LOW HITPOINT WARNING * * *
Unknown command.
You barely miss the rat. The rat closely misses you.
You closely miss the rat. The rat bites you.
You die...

###############....
#..................
#.#############....
#.# #.... #.# #....
#.# #.... #.# #....
#.### ###.).. #.@(#
#........ ##(r...#
#........ #.(....#
#...>.... #(.#.....
.......## .......(.
.........
...##.#### ......#
......#.##
....#.#..###


You could see a rat.

Vanquished Creatures
  Terence (D:2)
  2 worms (D:2)
  2 dart slugs
  9 ball pythons
  6 bats (D:1)
  2 endoplasms (D:2)
  A goblin (D:1)
  4 jackals (D:2)
  3 kobolds (D:1)
  2 quokkas
  2 frilled lizards (D:1)
  2 rats (D:1)
36 creatures vanquished.

Notes
Turn   | Place    | Note
-------+----------+-------------------------------------------
     0 | D:1      | HendSelp the Kobold Hunter began the quest for the Orb.
     0 | D:1      | Reached XP level 1. HP: 12/12 MP: 1/1
    27 | D:1      | Reached skill level 5 in Crossbows
   168 | D:1      | Reached XP level 2. HP: 17/17 MP: 2/2
   303 | D:1      | You fall into a shaft and drop 1 floor!
   708 | D:1      | Reached XP level 3. HP: 21/21 MP: 3/3
   891 | D:1      | Found a faded altar of an unknown god.
  1043 | D:2      | Reached skill level 6 in Crossbows
  1060 | D:2      | Noticed Terence
  1068 | D:2      | Killed Terence
  1069 | D:2      | Reached XP level 4. HP: 21/26 MP: 4/4
  1375 | D:2      | Slain by a rat

Illustrated notes

Levels and vault maps discovered:
D:1:      minmay_arrival_hallway, layout_loops_ring, basic_ecumenical_altar,
          minmay_misc_feat_tower, st_stairs_9, chequers_serial_rivers_small_3
D:2:      layout_rooms, uniq_terence

Skill      XL: |  1  2  3 |
---------------+----------+-----
Crossbows      | 5 6 |  6.7
Fighting       | |  2.1
Dodging        | |  2.4
Stealth        | |  1.3

Action                   |  1- 3 |  4- 6 || total
-------------------------+-------+-------++-------
Melee: Short sword       |       |    35 ||    35
 Fire: Hand crossbow     |    58 |    20 ||    78
Throw: Throwing net      |       |     2 ||     2
  Use: Scroll            |     2 |       ||     2
 Stab: Held in net/web   |       |     4 ||     4
Armor: Leather armour    |     9 |     8 ||    17
Dodge: Dodged            |    29 |    33 ||    62

Table legend: (Time is in decaauts)
 A = Elapsed time spent in this place.
 B = Non-inter-level travel time spent in this place.
 C = Inter-level travel time spent in this place.
 D = Time resting spent in this place.
 E = Time spent auto-exploring this place.
 F = Levels seen in this place.
 G = Mean time per level.
                   A        B        C        D        E       F      G
               +--------+--------+--------+--------+--------+-----+--------+
         Total |   1399 |   1350 |     49 |      0 |   1151 |   2 |  699.5 |
       Dungeon |   1399 |   1350 |     49 |      0 |   1151 |   2 |  699.5 |
               +--------+--------+--------+--------+--------+-----+--------+

Top non-repeatable levels by time:
     D:1: 1029 daAuts
     D:2: 370 daAuts
